 Dungeon Crawl Stone Soup version 0.19.0 (webtiles) character file.

11641 Softman25 the Basher (level 11, -6/97 HPs)
             Began as a Minotaur Artificer on Nov 15, 2016.
             Was a Believer of Nemelex Xobeh.
             Mangled by a catoblepas (11 damage)
             ... on level 11 of the Dungeon.
             The game lasted 00:30:12 (11733 turns).

Softman25 the Basher (Minotaur Artificer)          Turns: 11733, Time: 00:30:12

Health: -6/97      AC: 14    Str: 17    XL:     11   Next: 52%
Magic:  15/15      EV:  2    Int: 10    God:    Nemelex Xobeh [**....]
Gold:   529        SH:  0    Dex: 18    Spells: 0 memorised, 10 levels left

rFire  + . .     SeeInvis .     g - +2 whip (elec)
rCold  . . .     Gourm    .     s - +0 chain mail
rNeg   + + +     Faith    .     (no shield)
rPois  ∞         Spirit   .     m - +2 hat {MR+}
rElec  .         Reflect  +     (no cloak)
rCorr  .         Harm     .     c - +0 pair of gloves
MR     +....                    (no boots)
Stlth  ..........               E - +6 amulet of reflection
                                r - ring of protection from fire
                                D - ring of Activism {Int+2 Dex+4}

@: petrified
A: retaliatory headbutt, horns 2
a: Renounce Religion


You were on level 11 of the Dungeon.
You worshipped Nemelex Xobeh.
Nemelex Xobeh was pleased with you.
You were full.

You visited 2 branches of the dungeon, and saw 12 of its levels.

You collected 529 gold pieces.

Inventory:

Hand Weapons
 g - a +2 whip of electrocution (weapon)
Armour
 c - a +0 pair of gloves (worn)
 m - a +2 hat of magic resistance (worn)
 s - a +0 chain mail (worn)
Magical Staves
 z - an uncursed staff of wizardry
Jewellery
 r - a ring of protection from fire (right hand)
 D - the ring of Activism (left hand) {Int+2 Dex+4}
   (You found it on level 8 of the Dungeon)

   [ring of intelligence]

   It affects your intelligence (+2).
   It affects your dexterity (+4).
 E - a +6 amulet of reflection (around neck)
Wands
 d - a wand of enslavement (10/24)
 e - a wand of lightning (6/15)
 k - a wand of confusion (28/48)
 t - a wand of iceblast (1/15)
 x - a wand of confusion (9/48)
Scrolls
 h - 2 scrolls of magic mapping
 p - 4 scrolls of blinking
 q - 10 scrolls of remove curse {@r2}
Potions
 b - a potion of cancellation
 i - 5 potions of curing {@q1}
 l - a potion of cure mutation
 n - a potion of heal wounds
 o - 3 potions of brilliance
 v - 2 potions of magic
 A - a potion of ambrosia {unknown}
 B - a potion of agility
 F - a potion of flight
 G - a potion of lignification {unknown}
 H - a potion of might {unknown}
Miscellaneous
 C - a plain deck of summoning {drawn: 8}
 J - a phantom mirror
Comestibles
 a - a royal jelly
 f - 5 bread rations
 j - 11 meat rations
 u - a slice of pizza


   Skills:
 + Level 9.2 Fighting
   Level 1.1 Short Blades
 + Level 12.5 Maces & Flails
 - Level 9.0 Armour
 - Level 8.6 Dodging
 - Level 0.7 Stealth
 - Level 7.1 Evocations


You had 10 spell levels left.
You didn't know any spells.

Dungeon Overview and Level Annotations

Branches:
Dungeon (11/15)            Temple (1/1) D:7            Lair (0/6) D:9
    Orc: D:9-12

Altars:
Ashenzari
Cheibriados
Dithmenos
Elyvilon
Fedhas
Gozag
Hepliaklqana
Kikubaaqudgha
Makhleb
Nemelex Xobeh
Okawaru
Qazlal
Ru
Sif Muna
Trog
Uskayaw
Vehumet
Xom
Yredelemnul
Zin
The Shining One

Shops:
D:4 (

Annotations:
D:10 exclusion: ice statue


Innate Abilities, Weirdness & Mutations

You reflexively headbutt those who attack you in melee.
You have a pair of horns on your head.


Message History

You are slowing down.
You are engulfed in calcifying dust.
Your limbs have turned to stone.
The catoblepas gores you but does no damage.
You have turned to stone.
You are engulfed in calcifying dust.
The catoblepas gores you but does no damage.
You are engulfed in calcifying dust.
The catoblepas gores you!!
The catoblepas gores you but does no damage.
The catoblepas gores you!!
* * * LOW HITPOINT WARNING * * *
The catoblepas gores you!
* * * LOW HITPOINT WARNING * * *
The catoblepas barely misses you. The catoblepas gores you!!
* * * LOW HITPOINT WARNING * * *
The catoblepas gores you.
* * * LOW HITPOINT WARNING * * *
The catoblepas gores you!!
You die...
Your body glows slightly and disappears.

#..... #.... #... ≈≈≈
#... #### ≈≈≈≈
#..####..#≈≈≈≈≈
#..#.....≈≈≈≈≈≈
#..#.....≈≈≈≈≈≈
#.Y#.....≈≈≈≈≈≈
#.@#.....≈≈≈≈≈≈
####..'.....#≈≈≈≈≈
#.....#######..#≈≈
#####..............##.
#...................
#................
#................
######.......#+##
#.......#


You could see a catoblepas.

Vanquished Creatures
  Urug (D:11)
  3 large abominations (D:10)
  A hill giant (D:10)
  An elephant (D:9)
  Psyche (D:9)
  Joseph (D:10)
  A troll (D:10)
  A two-headed ogre (D:10)
  3 hippogriffs
  Prince Ribbit (D:9)
  Sigmund (D:4)
  A wraith (D:10)
  2 vampires
  A human (D:8)
  2 hungry ghosts
  Grum (D:9)
  Edmund (D:6)
  5 orc warriors
  3 ice beasts
  A sky beast (D:7)
  A phantom (D:5)
  2 black bears
  A necrophage (D:10)
  4 ogres
  3 wolves (D:9)
  2 centaurs
  2 crocodiles (D:9)
  Blork the orc (D:6)
  7 bullfrogs
  A gnoll sergeant (D:6)
  A wyvern zombie (D:9)
  2 scorpions
  5 small abominations (D:10)
  A water moccasin skeleton (D:6)
  4 jellies
  10 killer bees
  4 howler monkeys
  4 wights (D:6)
  A bullfrog zombie (D:5)
  3 crimson imps
  5 hounds
  6 orc priests
  2 bullfrog skeletons
  3 centaur skeletons
  2 iguanas
  Natasha (twice) (D:2)
  8 orc wizards
  7 worker ants
  2 hound skeletons
  A worker ant zombie (D:5)
  5 gnolls (D:6)
  A howler monkey skeleton (D:8)
  13 adders
  2 shadow imps
  2 adder skeletons
  3 worms
  A dart slug (D:1)
  8 leopard geckos
  26 orcs
  2 ball pythons
  8 bats
  6 giant cockroaches
  9 goblins
  14 hobgoblins
  11 jackals
  4 kobolds
  5 quokkas
  A ball python zombie (D:5)
  4 frilled lizards
  A giant cockroach zombie (D:3)
  A leopard gecko skeleton (D:4)
  8 rats
264 creatures vanquished.

Vanquished Creatures (collateral kills)
  2 large abominations (D:10)
  A hill giant (D:8)
  A small abomination (D:10)
  A bullfrog (D:10)
  4 killer bees (D:10)
  An orc wizard (D:8)
  A giant cockroach (D:5)
11 creatures vanquished.

Vanquished Creatures (others)
  A jelly (D:7)
  An adder (D:5)
  An orc (D:6)
3 creatures vanquished.

Grand Total: 278 creatures vanquished

Notes
Turn   | Place    | Note
-------+----------+-------------------------------------------
     0 | D:1      | Softman25 the Minotaur Artificer began the quest for the Orb.
     0 | D:1      | Reached XP level 1. HP: 16/16 MP: 1/1
   197 | D:1      | Reached skill level 1 in Maces & Flails
   205 | D:1      | Reached XP level 2. HP: 17/23 MP: 3/3
   222 | D:1      | Reached skill level 2 in Maces & Flails
   667 | D:1      | Reached skill level 3 in Maces & Flails
   810 | D:1      | Reached XP level 3. HP: 27/28 MP: 4/4
  1205 | D:2      | Reached skill level 4 in Maces & Flails
  1244 | D:2      | Reached XP level 4. HP: 28/35 MP: 5/5
  1254 | D:2      | Noticed Natasha
  1266 | D:2      | Killed Natasha
  1276 | D:2      | Reached skill level 5 in Maces & Flails
  1510 | D:2      | Noticed Natasha
  1515 | D:2      | Killed Natasha
  1515 | D:2      | Reached XP level 5. HP: 37/40 MP: 6/6
  2026 | D:3      | Reached skill level 6 in Maces & Flails
  2373 | D:3      | Found a bloodstained altar of Trog.
  2723 | D:4      | Reached skill level 7 in Maces & Flails
  2723 | D:4      | Reached XP level 6. HP: 35/47 MP: 7/7
  2908 | D:4      | Found Quofunill's Weapon Boutique.
  2985 | D:4      | Found a burning altar of Makhleb.
  2985 | D:4      | Found a shattered altar of Ashenzari.
  3112 | D:4      | Noticed Sigmund
  3122 | D:4      | Killed Sigmund
  3122 | D:4      | Reached skill level 8 in Maces & Flails
  3193 | D:4      | Reached XP level 7. HP: 21/52 MP: 8/8
  3479 | D:4      | Found a blossoming altar of Fedhas.
  3656 | D:4      | Reached skill level 9 in Maces & Flails
  3860 | D:5      | Entered Level 5 of the Dungeon
  4030 | D:5      | Found a white marble altar of Elyvilon.
  4094 | D:5      | Reached skill level 5 in Evocations
  4303 | D:5      | Noticed a hungry ghost
  4313 | D:5      | Reached XP level 8. HP: 30/59 MP: 9/11
  5732 | D:6      | Reached skill level 1 in Armour
  5846 | D:6      | Noticed Blork the orc
  5857 | D:6      | Killed Blork the orc
  5976 | D:6      | Found a snail-covered altar of Cheibriados.
  6167 | D:6      | Noticed Edmund
  6181 | D:6      | Killed Edmund
  6257 | D:6      | Reached XP level 9. HP: 63/64 MP: 13/13
  6310 | D:6      | Reached skill level 5 in Dodging
  6379 | D:6      | Reached skill level 5 in Armour
  7203 | D:7      | Found a staircase to the Ecumenical Temple.
  7208 | Temple   | Entered the Ecumenical Temple
  7413 | D:7      | Found a hazy altar of Hepliaklqana.
  7598 | D:7      | Found a hazy altar of Hepliaklqana.
  7750 | D:7      | Found a sparkling altar of Nemelex Xobeh.
  7766 | D:7      | Became a worshipper of Nemelex Xobeh the Trickster
  8097 | D:8      | Received a gift from Nemelex Xobeh
  8109 | D:8      | Noticed a hill giant
  8130 | D:8      | Killed a hill giant
  8225 | D:8      | Got a flickering steel ring
  8227 | D:8      | Identified the ring of Activism {Int+2 Dex+4} (You found it on level 8 of the Dungeon)
  8478 | D:8      | Found a basalt altar of Yredelemnul.
  8527 | D:8      | Reached XP level 10. HP: 71/71 MP: 14/14
  8766 | D:9      | Found a shimmering altar of Xom.
  8828 | D:9      | Noticed an elephant
  8828 | D:9      | Found a staircase to the Lair.
  8856 | D:9      | Killed an elephant
  9135 | D:9      | Reached * piety under Nemelex Xobeh
  9136 | D:9      | Noticed Psyche
  9163 | D:9      | Killed Psyche
  9223 | D:9      | Found an iron altar of Okawaru.
  9332 | D:9      | Noticed Grum
  9334 | D:9      | Noticed Prince Ribbit
  9334 | D:9      | Reached skill level 10 in Maces & Flails
  9346 | D:9      | Killed Grum
  9355 | D:9      | Killed Prince Ribbit
  9355 | D:9      | Reached skill level 5 in Fighting
  9477 | D:9      | Found a glowing golden altar of the Shining One.
  9593 | D:10     | Entered Level 10 of the Dungeon
  9654 | D:10     | Received a gift from Nemelex Xobeh
 10001 | D:10     | Noticed Joseph
 10009 | D:10     | Noticed an ice statue
 10010 | D:10     | Killed Joseph
 10010 | D:10     | Reached skill level 11 in Maces & Flails
 10143 | D:10     | Reached XP level 11. HP: 42/91 MP: 15/15
 10188 | D:10     | Noticed a hill giant
 10201 | D:10     | Killed a hill giant
 10287 | D:10     | Noticed a wizard
 10446 | D:10     | Noticed a large abomination
 10606 | D:10     | Killed a large abomination
 10711 | D:10     | Noticed a large abomination
 10718 | D:10     | Killed a large abomination
 10850 | D:10     | Reached skill level 12 in Maces & Flails
 11248 | D:10     | Got an ancient steel ring
 11260 | D:10     | Identified the ring "Rupsuxosm" {Fire Dex+2} (You found it on level 10 of the Dungeon)
 11343 | D:10     | Reached ** piety under Nemelex Xobeh
 11657 | D:11     | Noticed Urug
 11673 | D:11     | Killed Urug
 11705 | D:11     | Noticed a catoblepas
 11733 | D:11     | Mangled by a catoblepas

Skill      XL: |  1  2  3  4  5  6  7  8  9 10 11 |
---------------+----------------------------------+-----
Maces & Flails | 1 3 4 5 7 8 9 11 12 | 12.5
Evocations     | 5 7 |  7.1
Armour         | 4 8 9 |  9.0
Dodging        | 4 8 |  8.6
Fighting       | 6 9 |  9.2
Short Blades   | |  1.1
Stealth        | |  0.7

Action                   |  1- 3 |  4- 6 |  7- 9 | 10-12 || total
-------------------------+-------+-------+-------+-------++-------
Melee: Whip              |    63 |   131 |   357 |   340 ||   891
       Short sword       |     4 |       |       |       ||     4
       Headbutt          |    10 |    20 |    66 |    88 ||   184
Evoke: Wand              |       |    10 |    39 |    43 ||    92
       Deck              |       |       |     1 |     7 ||     8
  Use: Scroll            |       |     9 |    13 |    11 ||    33
 Stab: Sleeping          |     1 |     1 |       |       ||     2
       Paralysed         |       |     7 |     3 |       ||    10
       Betrayed ally     |       |       |     1 |       ||     1
       Confused          |       |       |     8 |     6 ||    14
  Eat: Chunk             |       |     6 |     8 |     7 ||    21
       Bread ration      |       |       |     2 |       ||     2
       Beef jerky        |       |       |     2 |       ||     2
       Pizza             |       |       |       |     7 ||     7
Armor: Leather armour    |    16 |    20 |       |       ||    36
       Chain mail        |       |     2 |   124 |    77 ||   203
Dodge: Dodged            |    41 |    53 |    96 |   103 ||   293
Block: Other             |       |       |       |    43 ||    43
       Reflection        |       |       |       |     1 ||     1
